AoeStats
← Rimflow

Nomad

508192581Analyzed
4v4 RM · 12d ago on Sep 21, 2026· 52m 22s· 8 players
Game mode
Random Map
Map size
231×231
Population
200
Speed
Normal
Resources
Standard
Victory
Conquest
Starting age
Dark Age
Ending age
Imperial Age
RankedLock teamsTeams togetherTeam positionsShared explorationLock speedFull tech treeHidden civsTurbo modeCheats
Victory
Defeat
🇬🇧 Spanish · United Kingdom
775
+12
🇨🇳 Franks · China
693
+15
🇹🇷 Celts · Türkiye
683
+16
🇫🇷 Mongols · France
680
+16
🇨🇳 Chinese · China
764
-18
🇨🇳 Japanese · China
757
-18
🇰🇷 Sicilians · South Korea
633
-13
🇨🇭 Turks · Switzerland
563
-10
UzX NeO
4:45 Loom
19:03 Feudal Age
20:23 Wheelbarrow
19:34 Town Watch
19:32 Fishing Lines
23:08 Gold Mining
27:56 Castle Age
27:31 Double-Bit Axe
28:31 Bloodlines
28:58 Hand Cart
28:57 Bow Saw
28:41 Gillnets
29:42 Gold Shaft Mining
29:22 Husbandry
29:36 Forging
29:31 Scale Barding Armor
31:45 Iron Casting
32:15 Chain Barding Armor
37:14 Elite Skirmisher
38:00 Thumb Ring
37:49 Fletching
38:00 Padded Archer Armor
38:09 Crossbowman
39:43 Leather Archer Armor
39:24 Bodkin Arrow
45:15 Imperial Age
43:45 Nomads
44:13 Siphons
44:19 Clinker Construction
44:20 Careening
44:32 Ballistics
44:22 Murder Holes
44:40 Masonry
44:49 Medium Warships
45:19 Elite Steppe Lancer
47:02 Blast Furnace
46:03 Bracer
46:36 Parthian Tactics
47:47 Shipwright
48:34 Conscription
48:35 Drill
47:40 Capped Ram
50:23 Chemistry
50:38 Carvel Hull
50:58 Siege Ram
Diax
23:52 Feudal Age
25:48 Wheelbarrow
31:01 Fishing Lines
51:59 Castle Age
51:11 Stone Mining
51:12 Gold Mining
51:07 Horse Collar
Louis Theroux
15:15 Feudal Age
16:48 Double-Bit Axe
19:21 Castle Age
17:23 Fishing Lines
22:19 Wheelbarrow
21:56 Bow Saw
23:44 Stone Mining
23:47 Gold Mining
24:41 Hand Cart
24:12 Town Watch
26:17 Gillnets
26:31 Horse Collar
28:32 Loom
33:58 Imperial Age
31:50 Town Patrol
34:11 Stone Shaft Mining
39:40 Chemistry
39:01 Ballistics
38:35 Fletching
38:45 Padded Archer Armor
38:21 Elite Skirmisher
39:08 Thumb Ring
39:21 Elite Conquistador
40:22 Conscription
40:48 Bloodlines
40:39 Husbandry
41:23 Bodkin Arrow
41:43 Leather Archer Armor
43:17 Bracer
43:48 Ring Archer Armor
46:11 Light Cavalry
51:11 Forging
51:06 Scale Barding Armor
52:27 Iron Casting
715113342
3:34 Loom
16:03 Feudal Age
20:50 Castle Age
21:05 Double-Bit Axe
22:45 Pikeman
31:13 Stone Mining
31:13 Gold Mining
39:02 Imperial Age
39:01 Bow Saw
39:45 Gold Shaft Mining
39:20 Scale Mail Armor
40:48 Wheelbarrow
42:17 Hand Cart
43:26 Halberdier
44:07 Squires
43:53 Arson
45:06 Husbandry
44:27 Cavalier
47:23 Paladin
50:38 Scale Barding Armor
50:49 Chain Mail Armor
50:44 Forging
50:25 Fletching
50:36 Padded Archer Armor
Rimflow
5:06 Loom
19:27 Feudal Age
19:37 Man-at-Arms
21:42 Horse Collar
25:12 Arson
25:36 Double-Bit Axe
27:09 Wheelbarrow
26:37 Scale Mail Armor
26:48 Forging
31:10 Scale Barding Armor
31:42 Bloodlines
34:17 Castle Age
36:57 Hand Cart
38:09 Iron Casting
39:13 Chain Mail Armor
38:27 Long Swordsman
40:12 Gold Mining
40:13 Stone Mining
40:26 Heavy Plow
我喜欢狐臭
4:18 Loom
14:44 Feudal Age
25:43 Castle Age
24:16 Forging
25:50 Bloodlines
26:07 Scale Barding Armor
26:03 Stone Mining
27:24 Husbandry
46:35 Fishing Lines
Shadow♠
8:07 Loom
15:40 Feudal Age
17:17 Wheelbarrow
19:18 Double-Bit Axe
22:36 Castle Age
21:25 Gold Mining
26:37 Elite Skirmisher
29:31 Hand Cart
小菜机
14:30 Feudal Age
19:34 Castle Age
18:24 Fishing Lines
20:32 Gold Mining
27:07 Double-Bit Axe
27:31 Gold Mining
30:48 Imperial Age
29:29 Fletching
29:40 Padded Archer Armor
30:04 Ballistics
30:30 Wheelbarrow
30:44 Gold Shaft Mining
30:02 Stone Mining
32:18 Wheelbarrow
32:04 Bow Saw
32:18 Leather Archer Armor
31:59 Bodkin Arrow
31:43 Crossbowman
33:14 Thumb Ring
34:25 Ring Archer Armor
34:28 Bracer
34:35 Elite Skirmisher
34:38 Arbalester
38:05 Forging
48:07 Elite Samurai
49:08 Kataparuto
48:50 Yasama
49:32 Elite Skirmisher
Connection lost

Rejoining the realm…

Still unreachable

The connection could not be restored.

Session expired

The server has moved on; the page needs a fresh start.